 Dungeon Crawl Stone Soup version 0.18.1-48-g4cf74bf (webtiles) character file.

17108 sarahorange the Slinger (level 12, 0/51 HPs)
             Began as a Spriggan Wizard on July 14, 2016.
             Was a High Priest of Vehumet.
             Slain by a phantasmal warrior (8 damage)
             ... led by a death knight
             ... on level 11 of the Dungeon on July 16, 2016.
             The game lasted 03:58:27 (20617 turns).

sarahorange the Slinger (Spriggan Wizard)          Turns: 20617, Time: 03:58:27

Health: 0/51       AC:  9    Str:  9    XL:     12   Next: 16%
Magic:  20/30      EV: 23    Int: 27    God:    Vehumet [*****.]
Gold:   406        SH:  0    Dex: 18    Spells: 13 memorised, 4 levels left

rFire  . . .     SeeInvis +     j - +2 hunting sling
rCold  . . .     Gourm    .     e - +2 robe {MR+}
rNeg   . . .     Faith    .     (shield restricted)
rPois  .         Spirit   .     b - +2 hat
rElec  +         Dismiss  .     g - +2 cloak
rCorr  .         Reflect  .     (gloves unavailable)
SustAt .         Harm     .     (boots unavailable)
MR     +++..                    x - amulet of regeneration
Stlth  +++++.....               E - ring of Nabbiq {*Contam rElec Str+3 Dex+4 Stlth+}
                                h - +5 ring of slaying

@: brilliant, repel missiles, very quick, extremely resistant to hostile
enchantments, quite stealthy
A: unfitting armour, see invisible, blink, herbivore 3, speed 3, slow metabolism
2
a: Blink, Renounce Religion


You were on level 11 of the Dungeon.
You worshipped Vehumet.
Vehumet was extremely pleased with you.
You were not hungry.

You visited 3 branches of the dungeon, and saw 13 of its levels.
You also visited: Ossuary.

You collected 939 gold pieces.
You spent 527 gold pieces at shops.

Inventory:

Hand Weapons
 j - a +2 hunting sling (weapon)
 G - a +2 short sword of electrocution
Missiles
 k - 267 stones (quivered)
 y - 18 poisoned needles
Armour
 b - a +2 hat (worn)
 e - a +2 robe of magic resistance (worn)
 g - a +2 cloak (worn)
Jewellery
 f - an uncursed ring of flight
 h - a +5 ring of slaying (left hand)
 q - an uncursed ring of protection from fire
 u - a +4 ring of intelligence
 x - an amulet of regeneration (around neck)
 E - the ring of Nabbiq (right hand) {*Contam rElec Str+3 Dex+4 Stlth+}
   (You bought it in a shop on level 6 of the Dungeon)

   [ring of strength]

   It affects your strength (+3).
   It affects your dexterity (+4).
   It insulates you from electricity.
   It causes magical contamination when unequipped.
   It makes you more stealthy.
 Q - an uncursed ring of fire
Wands
 i - a wand of hasting (4/9)
 A - a wand of teleportation (3/9)
 H - a wand of iceblast (3/15)
 L - a wand of lightning (10/15)
 N - a wand of iceblast (10/15)
Scrolls
 l - 7 scrolls of amnesia
 n - 8 scrolls of remove curse
 r - a scroll of teleportation
 C - 3 scrolls of identify
Potions
 m - 10 potions of curing
 o - a potion of invisibility
 p - a potion of brilliance
 t - 2 potions of berserk rage
 v - 2 potions of agility {unknown}
 w - 3 potions of heal wounds
 z - a potion of magic {unknown}
 B - 3 potions of flight
 D - 2 potions of might {unknown}
 I - a potion of mutation {unknown}
 J - 2 potions of resistance {unknown}
 K - a potion of haste
 R - 3 potions of ambrosia {unknown}
Books
 c - a book of Minor Magic

   Spells                             Type                      Level
   a - Magic Dart                     Conjuration                  1
   b - Blink                          Translocation                2
   c - Call Imp                       Summoning                    2
   d - Repel Missiles                 Charms/Air                   2
   e - Slow                           Hexes                        2
   f - Conjure Flame                  Conjuration/Fire             3
   g - Mephitic Cloud                 Conjuration/Poison/Air       3
 O - a book of Debilitation

   Spells                             Type                      Level
   a - Corona                         Hexes                        1
   b - Slow                           Hexes                        2
   c - Gell's Gravitas                Hexes/Translocation          3
   d - Inner Flame                    Hexes/Fire                   3
   e - Cause Fear                     Hexes                        4
   f - Leda's Liquefaction            Hexes/Earth                  4
Miscellaneous
 s - a plain deck of wonders {drawn: 3}
Comestibles
 d - 9 bread rations
 F - 6 slices of pizza


   Skills:
 - Level 0.1 Fighting
 + Level 13.6 Slings
 - Level 0.4(7.5) Throwing
 + Level 7.4 Dodging
 - Level 6.1 Stealth
 + Level 13.6 Spellcasting
 + Level 6.5 Conjurations
 + Level 3.1 Hexes
 + Level 3.0 Charms
 - Level 1.0 Summonings
 - Level 2.3 Translocations
 + Level 2.3 Fire Magic


You had 4 spell levels left.
You knew the following spells:

 Your Spells              Type           Power        Failure   Level  Hunger
a - Magic Dart            Conj           ####         1%          1    None
b - Blink                 Tloc           N/A          1%          2    None
c - Call Imp              Summ           #####...     1%          2    None
d - Mephitic Cloud        Conj/Pois/Air  #####...     1%          3    None
e - Conjure Flame         Conj/Fire      ######..     1%          3    None
f - Slow                  Hex            ######..     1%          2    None
g - Flame Tongue          Conj/Fire      #####        1%          1    None
h - Shock                 Conj/Air       ####         1%          1    None
i - Repel Missiles        Chrm/Air       #####.       1%          2    None
j - Dazzling Spray        Conj/Hex       ######       1%          3    None
k - Iskenderun's Mystic   Conj           ######..     1%          4    None
l - Fireball              Conj/Fire      ######....   2%          5    ##.....
m - Lightning Bolt        Conj/Air       ######....   3%          5    ##.....


Dungeon Overview and Level Annotations

Branches:
Dungeon (11/15)            Temple (1/1) D:4            Lair (0/8) D:11
    Orc (1/2) D:11

Altars:
Ashenzari
Cheibriados
Dithmenos
Elyvilon
Fedhas
Gozag
Kikubaaqudgha
Makhleb
Nemelex Xobeh
Okawaru
Pakellas
Qazlal
Ru
Sif Muna
Trog
Vehumet
Xom
Yredelemnul
Zin
The Shining One
Beogh

Shops:
D:4 %   D:6 =   D:10 %}   Orc:1 [

Annotations:
D:9 Gastronok
D:11 1 exclusion
Orc:1 Urug


Innate Abilities, Weirdness & Mutations

You are tiny and cannot use many weapons and most armour.
You have supernaturally acute eyesight.
You are a herbivore.
You cover ground extremely quickly.
You need consume almost no food.
You can translocate small distances at will.


Message History

Casting: Magic Dart
Confirm with . or Enter, or press ? or * to list all spells.
Aiming: Magic Dart
Press: ? - help, Shift-Dir - straight line, f/p - Urug
Aim: Urug, wielding a great sword of holy wrath and wearing a chain mail (moderately wounded, slow)
The magic dart hits Urug.
Urug is moderately wounded.
Urug throws a javelin of returning.
The javelin of returning hits you!!
The weapon returns to Urug!
Urug throws a javelin of returning.
The javelin of returning misses you.
The weapon returns to Urug!
Urug throws a javelin of returning.
The javelin of returning is repelled.
The weapon returns to Urug!
There is a staircase back to the Dungeon here.
You climb upwards.
Welcome back to the Dungeon!
Level annotation: 1 exclusion The skeletal warrior hits you with a short sword!
* * * LOW HITPOINT WARNING * * *
The phantasmal warrior hits you!
You die...

..(.... #......# ####...####
#......# # ..###....8....#
##.....# .
..#.#.........#####.....# .
.'.#....(....#...#.....#
#.#....(....#...#.....# ######
#.......(.......#.....# .....#
##....zz........#.....# .....#
#..8...@...8..###.....#
.....#####..(...W.......##.....#
.....#.........................#
...>.#.....#.....(...#.........#
.....#.....#.........#.........#
.....#.....#.........#.........#
.....#...###....8....##.########
.....#...######...#####.###
.....#.....#.........#....#


You could see 2 skeletal warriors and a phantasmal warrior.

Vanquished Creatures
  A hydra (D:11)
  Erica (D:9)
  A death knight (D:11)
  The ghost of atgrul the Nimble, a novice DrVM (D:11)
  4 hill giants
  An ugly thing (D:10)
  2 orc sorcerers (Orc:1)
  The ghost of raikaria the Covert, a novice VSAs of Dithmenos (D:6)
  Psyche (D:9)
  2 gargoyles
  4 trolls
  Prince Ribbit (D:8)
  2 two-headed ogres
  Grinder (D:5)
  The ghost of Aksel the Slasher, an amateur HESk (D:4)
  2 wraiths
  Eustachio (D:3)
  A hog (D:7)
  A human (D:7)
  3 hungry ghosts
  A steam dragon (D:7)
  Menkaure (D:5)
  A mottled dragon (D:11)
  A water moccasin (D:11)
  Duvessa (D:4)
  3 black bears
  A wasp (D:9)
  2 ice beasts
  5 sky beasts
  3 orc warriors
  2 phantoms (D:11)
  An eye of draining (D:9)
  6 ogres
  6 centaurs
  2 crocodiles
  A big kobold (D:9)
  5 giant frogs
  Blork the orc (D:5)
  2 elf skeletons (D:6)
  5 troll zombies (D:11)
  4 killer bees (D:10)
  3 scorpions
  3 wights (D:7)
  A howler monkey (D:9)
  5 crimson imps
  A giant frog zombie (D:5)
  A centaur zombie (D:7)
  7 orc priests
  2 centaur skeletons
  6 hounds
  Crazy Yiuf (D:5)
  2 jellies
  11 orc wizards
  An iguana (D:4)
  A giant frog skeleton (D:11)
  2 human skeletons (D:6)
  8 worker ants
  A killer bee zombie (D:7)
  3 sheep (D:7)
  3 ogre zombies (D:11)
  A big kobold zombie (Ossuary)
  A hound zombie (D:5)
  8 mummies (Ossuary)
  A howler monkey zombie (D:10)
  A howler monkey skeleton (D:11)
  3 worker ant zombies (D:3)
  7 gnolls
  3 river rats (D:11)
  15 adders
  A shadow imp (D:5)
  An ooze (D:3)
  An adder skeleton (D:5)
  An adder zombie (D:3)
  A worm (D:3)
  A dart slug (D:2)
  5 giant geckos
  51 orcs
  A ball python (D:3)
  17 bats
  A giant cockroach (D:4)
  A gnoll zombie (Ossuary)
  10 hobgoblins
  15 jackals
  17 kobolds
  6 quokkas
  2 giant cockroach zombies
  2 giant gecko skeletons
  5 giant newts
  11 goblins
  A goblin skeleton (D:11)
  2 goblin zombies (D:11)
  A hobgoblin skeleton (D:11)
  2 hobgoblin zombies (D:11)
  3 kobold zombies (Ossuary)
  6 orc skeletons
  17 orc zombies
  18 rats
  A fungus (D:5)
389 creatures vanquished.

Vanquished Creatures (collateral kills)
  Erolcha (D:8)
  A giant frog (D:2)
  Dowan (D:4)
  3 gnolls
  A worm (D:3)
  An orc (D:4)
  A bat (D:3)
  A quokka zombie (D:3)
10 creatures vanquished.

Vanquished Creatures (others)
  A black bear (D:7)
1 creature vanquished.

Grand Total: 400 creatures vanquished

Notes
Turn   | Place    | Note
--------------------------------------------------------------
     0 | D:1      | sarahorange the Spriggan Wizard began the quest for the Orb.
     0 | D:1      | Reached XP level 1. HP: 9/9 MP: 6/6
   541 | D:1      | Reached XP level 2. HP: 10/13 MP: 2/8
   545 | D:1      | Learned a level 2 spell: Blink
  1306 | D:2      | Reached XP level 3. HP: 16/16 MP: 2/10
  1317 | D:2      | Reached skill level 5 in Spellcasting
  1533 | D:2      | Reached skill level 1 in Conjurations
  1941 | D:2      | Learned a level 2 spell: Call Imp
  2080 | D:2      | Reached XP level 4. HP: 21/21 MP: 9/12
  2086 | D:2      | Learned a level 3 spell: Mephitic Cloud
  2590 | D:3      | Found a white marble altar of Elyvilon.
  2620 | D:3      | Noticed a giant frog
  2727 | D:2      | Killed a giant frog
  2727 | D:2      | Reached XP level 5. HP: 12/24 MP: 11/14
  2900 | D:3      | Found a sacrificial altar of Ru.
  2967 | D:3      | Learned a level 3 spell: Conjure Flame
  3127 | D:3      | Reached skill level 1 in Summonings
  3560 | D:3      | Found a sparkling altar of Nemelex Xobeh.
  4570 | D:4      | Noticed Aksel's ghost (amateur HESk)
  4757 | D:4      | Noticed Eustachio
  4784 | D:4      | Noticed Duvessa
  4875 | D:4      | Reached XP level 6. HP: 17/28 MP: 2/16
  4983 | D:4      | Noticed Dowan
  4997 | D:4      | Killed Dowan
  5055 | D:4      | Found a staircase to the Ecumenical Temple.
  5103 | D:4      | Found Xyafuow's Food Emporium.
  5437 | D:3      | Learned a level 2 spell: Slow
  5751 | Temple   | Entered the Ecumenical Temple
  5806 | Temple   | Became a worshipper of Vehumet
  6133 | D:5      | Entered Level 5 of the Dungeon
  6846 | D:4      | Gained mutation: You can translocate small distances at will. [helix card]
  7959 | D:3      | Killed Eustachio
  7959 | D:3      | Reached XP level 7. HP: 21/32 MP: 6/18
  8373 | D:4      | Killed Aksel's ghost
  8373 | D:4      | Reached skill level 1 in Slings
  8510 | D:4      | Bought a bread ration for 50 gold pieces
  8510 | D:4      | Bought a bread ration for 50 gold pieces
  8535 | D:4      | Killed Duvessa
  9040 | D:5      | Reached XP level 8. HP: 36/36 MP: 18/21
  9099 | D:5      | Noticed Menkaure
  9099 | D:5      | Noticed Blork the orc
  9423 | D:5      | Found a shadowy altar of Dithmenos.
  9423 | D:5      | Found a basalt altar of Yredelemnul.
  9559 | D:5      | Noticed Grinder
  9634 | D:5      | Killed Grinder
  9634 | D:5      | Reached skill level 5 in Dodging
  9677 | D:5      | Reached * piety under Vehumet
  9677 | D:5      | Offered knowledge of Flame Tongue by Vehumet.
  9680 | D:5      | Learned a level 1 spell: Flame Tongue
  9942 | D:5      | Noticed Crazy Yiuf
  9950 | D:5      | Killed Crazy Yiuf
 10022 | D:5      | Killed Menkaure
 10069 | D:5      | Killed Blork the orc
 10069 | D:5      | Reached skill level 5 in Slings
 10555 | D:6      | Found Evaiput's Jewellery Shoppe.
 10598 | D:6      | Found a sand-covered staircase.
 10613 | Ossuary  | Entered an ossuary
 11269 | D:6      | Reached ** piety under Vehumet
 11269 | D:6      | Reached XP level 9. HP: 39/39 MP: 16/23
 11271 | D:6      | Offered knowledge of Shock by Vehumet.
 11274 | D:6      | Learned a level 1 spell: Shock
 11419 | D:6      | Bought the ring of Nabbiq {*Contam rElec Str+3 Dex+4 Stlth+} for 388 gold pieces
 11845 | D:6      | Reached skill level 10 in Spellcasting
 11937 | D:6      | Reached skill level 5 in Stealth
 12052 | D:6      | Noticed raikaria's ghost (novice VSAs)
 12069 | D:6      | Killed raikaria's ghost
 12164 | D:6      | Found a shimmering altar of Xom.
 12357 | D:6      | Learned a level 2 spell: Repel Missiles
 12626 | D:7      | Reached skill level 5 in Conjurations
 13027 | D:7      | Offered knowledge of Dazzling Spray by Vehumet.
 13042 | D:7      | Learned a level 3 spell: Dazzling Spray
 13090 | D:7      | Reached XP level 10. HP: 44/44 MP: 24/26
 13868 | D:8      | Noticed Erolcha
 13923 | D:8      | Killed Erolcha
 13937 | D:8      | Reached *** piety under Vehumet
 14717 | D:8      | Noticed Prince Ribbit
 14733 | D:8      | Killed Prince Ribbit
 14733 | D:8      | Offered knowledge of Iskenderun's Mystic Blast by Vehumet.
 14739 | D:8      | Learned a level 4 spell: Iskenderun's Mystic Blast
 14802 | D:8      | Reached skill level 1 in Hexes
 15294 | D:8      | Reached skill level 10 in Slings
 15597 | D:9      | Noticed Erica
 15616 | D:9      | Killed Erica
 15698 | D:9      | Noticed Gastronok
 15961 | D:9      | Noticed Psyche
 15971 | D:9      | Killed Psyche
 16040 | D:9      | Found a burning altar of Makhleb.
 16040 | D:9      | Found an oddly glowing altar of Pakellas.
 16041 | D:9      | Found a stormy altar of Qazlal.
 16113 | D:9      | Found a stormy altar of Qazlal.
 16205 | D:9      | Reached **** piety under Vehumet
 16205 | D:9      | Reached XP level 11. HP: 46/47 MP: 24/28
 16478 | D:10     | Entered Level 10 of the Dungeon
 16533 | D:10     | Found Ytse's Gadget Boutique.
 16549 | D:10     | Offered knowledge of Fireball by Vehumet.
 16556 | D:10     | Learned a level 5 spell: Fireball
 16615 | D:10     | Reached skill level 1 in Charms
 16709 | D:10     | Found Yvyod's Food Emporium.
 16716 | D:10     | Bought 2 fruits for 39 gold pieces
 16778 | D:10     | Noticed a hill giant
 16818 | D:10     | Killed a hill giant
 17190 | D:10     | Noticed a hill giant
 17201 | D:10     | Killed a hill giant
 17806 | D:11     | Noticed atgrul's ghost (novice DrVM)
 17888 | D:11     | Killed atgrul's ghost
 18032 | D:11     | Noticed a skeletal warrior
 18032 | D:11     | Noticed a skeletal warrior
 18046 | D:11     | Found a staircase to the Lair.
 18252 | D:11     | Reached skill level 1 in Fire Magic
 18608 | D:11     | Noticed an unseen horror
 18857 | D:11     | Reached ***** piety under Vehumet
 18857 | D:11     | Offered knowledge of Lightning Bolt by Vehumet.
 18864 | D:11     | Learned a level 5 spell: Lightning Bolt
 18927 | D:11     | Noticed a white ugly thing
 19094 | D:10     | Killed a white ugly thing
 19325 | D:11     | Noticed a hill giant
 19352 | D:11     | Killed a hill giant
 19488 | D:11     | Noticed a hill giant
 19502 | D:11     | Killed a hill giant
 19543 | D:11     | Found a staircase to the Orcish Mines.
 19690 | D:11     | Noticed a five-headed hydra
 19752 | D:11     | Killed a five-headed hydra
 19873 | D:11     | Noticed a skeletal warrior
 19876 | D:11     | Noticed a skeletal warrior
 20053 | D:11     | Noticed a death knight
 20053 | D:11     | Reached XP level 12. HP: 51/51 MP: 30/30
 20106 | D:11     | Killed a death knight
 20273 | Orc:1    | Entered Level 1 of the Orcish Mines
 20411 | Orc:1    | Found Hoaf's Armour Emporium.
 20440 | Orc:1    | Found a roughly hewn altar of Beogh.
 20461 | Orc:1    | Noticed Urug
 20617 | D:11     | Slain by a phantasmal warrior

Skill      XL: |  1  2  3  4  5  6  7  8  9 10 11 12 |
---------------+-------------------------------------+-----
Spellcasting   | 5 6 7 8 9 11 12 13 | 13.6
Conjurations   | 1 2 3 4 5 6 |  6.5
Summonings     | 1 |  1.0
Translocations | 2 |  2.3
Dodging        | 4 5 6 7 |  7.4
Slings         | 2 5 8 10 13 | 13.6
Stealth        | 4 5 6 |  6.1
Hexes          | 2 3 |  3.1
Charms         | 3 |  3.0
Fire Magic     | 2 |  2.3
Fighting       | |  0.1
Throwing       | |  0.4

Action                   |  1- 3 |  4- 6 |  7- 9 | 10-12 || total
-------------------------+-------+-------+-------+-------++-------
Melee: Unarmed           |     6 |       |       |       ||     6
       Short sword       |       |    21 |    13 |     3 ||    37
       Mace              |       |       |    64 |       ||    64
 Fire: Hunting sling     |       |    78 |   185 |   526 ||   789
Throw: Stone             |    11 |    15 |    68 |    13 ||   107
 Cast: Magic Dart        |   110 |   221 |   125 |    86 ||   542
       Call Imp          |     1 |    21 |     7 |     6 ||    35
       Conjure Flame     |       |    16 |    22 |    38 ||    76
       Blink             |       |     4 |     2 |     2 ||     8
       Mephitic Cloud    |       |    16 |    21 |    16 ||    53
       Slow              |       |     4 |     3 |    21 ||    28
       Flame Tongue      |       |       |    32 |   171 ||   203
       Repel Missiles    |       |       |     2 |     2 ||     4
       Dazzling Spray    |       |       |     1 |    14 ||    15
       Shock             |       |       |       |     9 ||     9
       Iskenderun's Myst |       |       |       |     1 ||     1
       Fireball          |       |       |       |    20 ||    20
       Lightning Bolt    |       |       |       |     2 ||     2
Evoke: Deck              |       |     2 |     1 |       ||     3
       Wand              |       |       |       |     5 ||     5
  Use: Scroll            |       |     5 |    10 |     6 ||    21
       Potion            |       |       |     2 |     5 ||     7
 Stab: Sleeping          |       |     2 |     4 |       ||     6
       Confused          |       |       |     1 |       ||     1
  Eat: Bread ration      |       |     1 |     1 |       ||     2
       Pizza             |       |       |       |     3 ||     3
       Fruit             |       |       |       |     2 ||     2
Armor: Robe              |     1 |     8 |    16 |    15 ||    40
Dodge: Dodged            |    16 |    81 |    92 |    84 ||   273
       Deflected         |       |       |     4 |     3 ||     7
